Unix NetHack Version 3.7.0-66 Work-in-progress - last build Dec 26 2022 05:50:31 (55254d10815e23f0e7c0ebc937178fe17f3ffff8,branch:master). Game began 2022-12-31 16:02:32, ended 2022-12-31 21:17:01. doomcircle, chaotic male elven Wizard ------------- |...........| ----.--- |.....<.....-# |....{..## ## |...........|# |...>..| # # |...........|# ####........######## |...........|### |......| # ---------.---## -----+-- ## #### ### ### # # # ---------|- ## # ##|.........| (# ###### #### #|.........| --.- #### # #..........| |..| ----.----- #### |..........#####+ff| |........-###### |.........| |(@| -.......[| ### |.....{...| ---- |........+ ----------- ---------- Doomcircle the Thaumaturge St:11 Dx:13 Co:16 In:19 Wi:9 Ch:11 Chaotic S:2645 Dlvl:8 $:431 HP:0(54) Pw:4(75) AC:9 Xp:6/451 T:4060 Latest messages: What do you want to read? [i-kryALTV or ?*] ? What do you want to read? [i-kryALTV or ?*] Never mind. What do you want to read? [i-kryALTV or ?*] ? What do you want to read? [i-kryALTV or ?*] i As you read the scroll, it disappears. What type of monster do you want to genocide? giant ant Wiped out all giant ants. You swap places with your housecat. Pick an object. f a cat or other feline (jaguar) [seen: normal vision, infravision] You hear someone counting gold coins. You stop. Your housecat is in the way! In what direction? h The door resists! In what direction? h The door closes. What do you want to eat? [sW or ?*] ? This lichen corpse tastes okay. You finish eating the lichen corpse. You stop searching. In what direction? k The spell misses the jaguar. You swap places with your housecat. The housecat bites the jaguar. The jaguar misses the housecat. The jaguar misses the housecat. The jaguar misses the housecat. The jaguar hits! The jaguar hits! The jaguar bites! You miss the jaguar. The housecat bites the jaguar. The jaguar misses the housecat. The jaguar misses the housecat. The jaguar bites the housecat. The jaguar hits! The jaguar hits! The jaguar bites! You hit the jaguar. The housecat bites the jaguar. The jaguar misses the housecat. The jaguar misses the housecat. The jaguar bites the housecat. The jaguar hits! The jaguar hits! You die... Do you want your possessions identified? [ynq] (y) y Do you want to see your attributes? [ynq] (y) y Do you want an account of creatures vanquished? [ynaq] (y) q Inventory: Coins $ - 431 gold pieces Weapons w - a blessed +0 dagger (weapon in hand) B - 3 blessed +0 daggers (at the ready) u - a +1 dagger p - 3 +0 daggers U - a +0 orcish dagger a - a blessed +1 quarterstaff Armor b - an uncursed +0 cloak of magic resistance (being worn) Comestibles s - an uncursed tripe ration Scrolls V - an uncursed scroll of confuse monster y - an uncursed scroll of create monster A - an uncursed scroll of enchant weapon L - an uncursed scroll of identify T - a cursed scroll of identify k - an uncursed scroll of light r - 3 uncursed scrolls of remove curse j - an uncursed scroll of stinking cloud Potions N - an uncursed potion of blindness K - an uncursed potion of confusion F - 2 uncursed potions of enlightenment G - a blessed potion of fruit juice H - an uncursed potion of gain level x - a blessed potion of monster detection R - an uncursed potion of object detection S - a blessed potion of restore ability f - an uncursed potion of see invisible g - an uncursed potion of sleeping h - an uncursed potion of speed o - an uncursed potion of water X - an uncursed potion of water Rings d - a blessed +1 ring of gain strength I - an uncursed ring of invisibility e - an uncursed ring of shock resistance Wands v - a wand of light (0:10) c - a wand of probing (0:6) Tools O - an empty uncursed sack n - an uncursed wooden flute P - a +0 pick-axe D - 5 uncursed tallow candles E - an uncursed tin whistle M - an uncursed towel Gems/Stones Q - an uncursed amethyst stone J - an uncursed jasper stone z - an uncursed topaz stone t - an uncursed worthless piece of violet glass Doomcircle the Wizard's attributes: Background: You were a Thaumaturge, a level 6 male elven Wizard. You were chaotic, on a mission for Anhur who was opposed by Ptah (lawful) and Thoth (neutral). You were in the Dungeons of Doom, on level 8. You entered the dungeon 4060 turns ago. You had 451 experience points, 189 more were needed to attain level 7. Your score was 2645 before end-of-game adjustments. Basics: You had 0 out of 54 hit points. You had 4 out of 75 energy points (spell power). Your armor class was 9. Your wallet contained 431 zorkmids. Autopickup was off. FinalCharacteristics: Your strength was 11 (limit:18). Your dexterity was 13 (limit:18). Your constitution was 16 (limit:16). Your intelligence was 19 (limit:20). Your wisdom was 9 (limit:20). Your charisma was 11 (limit:18). Final Status: You were not hungry. You were unencumbered. You were wielding a dagger. You had basic skill with dagger. Final Attributes: You were piously aligned. You were magic-protected. You were sleep resistant. You had infravision. You were warded. You are dead. Miscellaneous: You never encountered a bones level. Total elapsed playing time was 2 hours, 1 minute and 35 seconds. Major events: Turn 1: doomcircle the chaotic male elven Wizard entered the dungeon 505: entered the Gnomish Mines 1095: attained the rank of Conjurer (level 3) 3395: attained the rank of Thaumaturge (level 6) 3976: performed his first genocide (giant ants) 4060: killed by a jaguar Vanquished creatures: a dwarf ruler a tengu a leprechaun a dingo a dust vortex a rope golem 2 bugbears a mountain nymph a pony a yellow light a violet fungus 2 gnome leaders a gnomish wizard a giant ant a floating eye 4 dwarves a homunculus a kobold leader a kobold shaman 2 rothes a rabid rat a giant bat a werejackal 3 iguanas 3 acid blobs 2 hobbits 2 manes a large kobold 4 hobgoblins a giant rat a yellow mold a green mold 5 gnomes 2 geckos 6 jackals a fox 2 goblins 6 grid bugs a bat 3 lichens a kobold zombie 4 newts 78 creatures vanquished. Genocided species: giant ants 1 species genocided. Voluntary challenges: You read items or engraved 2 times. You engraved Elbereth 1 time. You genocided 1 type of monster. You never polymorphed an object. You never changed form. You used no wishes. Achievements: You entered the Gnomish Mines. You attained the rank of Conjurer. You entered a shop. You attained the rank of Thaumaturge. The Dungeons of Doom: levels 1 to 9 Level 1: Level 2: Level 3: Stairs down to The Gnomish Mines. Level 4: A general store. Level 5: A throne, a fountain, a tree. Level 6: An altar, a fountain. Level 7: "nymph" A fountain. Level 8: <- You were here. Some sinks. Final resting place for you, killed by a jaguar. Level 9: Many fountains. The Gnomish Mines: Level 4: Game over: ---------- / \ / REST \ / IN \ / PEACE \ / \ | doomcircle | | 431 Au | | killed by a | | jaguar | | | | | | 2022 | *| * * * | * _________)/\\_//(\/(/\)/\//\/|_)_______ Goodbye doomcircle the Wizard... You died in The Dungeons of Doom on dungeon level 8 with 2602 points, and 431 pieces of gold, after 4060 moves. You were level 6 with a maximum of 54 hit points when you died.